 Dungeon Crawl Stone Soup version 0.17-a0-1719-g1afd5a1 (webtiles) character file.

251210 Grim the Shatterer (level 20, -1/236 HPs)
             Began as an Ogre Berserker on Aug 27, 2015.
             Was a High Priest of Trog.
             Shot with a bolt of flame by a yaktaur captain (24 damage)
             ... on level 4 of the Depths.
             The game lasted 03:21:03 (45524 turns).

Grim the Shatterer (Ogre Berserker)                Turns: 45524, Time: 03:21:03

Health: -1/236     AC: 23    Str: 29    XL:     20   Next: 9%
Magic:  20/20      EV: 21    Int:  8    God:    Trog [*****.]
Gold:   3470       SH:  0    Dex: 18    Spells: 0 memorised, 19 levels left

rFire  + + +     SeeInvis .     S - +7 giant club (crush)
rCold  + . .     Clarity  .     a - +3 swamp dragon armour
rNeg   . . .     SustAt   .     (no shield)
rPois  +         Gourm    .     M - +2 hat
rElec  .         Spirit   .     F - +2 cloak {MR+}
rCorr  .         Warding  .     (gloves unavailable)
rMut   .         Stasis   .     (boots unavailable)
MR     +++..                    h - amulet of regeneration
Stlth  +++.......               X - ring of protection from cold
                                e - ring of Ciodew {+Fly rF+++ AC+3 Int+2 Stlth+}

@: agile, extremely resistant to hostile enchantments, fairly stealthy
A: unfitting armour, claws 1, clumsy 1, strong 1, tough skin 1
a: Burn Spellbooks, Berserk, Trog's Hand, Brothers in Arms, Renounce Religion,
Evoke Flight
}: 1/15 runes: decaying


You were on level 4 of the Depths.
You worshipped Trog.
Trog was extremely pleased with you.
You were very full.

You visited 5 branches of the dungeon, and saw 35 of its levels.

You collected 3558 gold pieces.
You spent 88 gold pieces at shops.

Inventory:

Hand weapons
 c - the +10 giant spiked club of Luxury {elec, SInv}
   (Trog gifted it to you on level 11 of the Dungeon)

   Occasionally, upon striking a foe, it will discharge some electrical energy
   and cause terrible harm.
   It lets you see invisible.
 D - a +7 antimagic giant spiked club
 S - a +7 giant club of crushing (weapon)
 Z - a +0 giant club
Missiles
 q - 32 large rocks (quivered)
Armour
 a - a +3 swamp dragon armour (worn)
 F - a +2 cloak of magic resistance (worn)
 M - a +2 hat (worn)
Jewellery
 e - the ring of Ciodew (left claw) {+Fly rF+++ AC+3 Int+2 Stlth+}
   (You found it on level 15 of the Dungeon)

   [ring of protection]

   It affects your AC (+3).
   It affects your intelligence (+2).
   It renders you almost immune to fire.
   It lets you fly.
   It makes you more stealthy.
 h - an amulet of regeneration (around neck)
 s - an uncursed ring of teleportation
 Q - the macabre finger necklace {Ward rN+}
   (You found it on level 13 of the Dungeon)

   [amulet of warding]

   It may prevent the melee attacks of summoned creatures.
   It protects you from negative energy.
 X - a ring of protection from cold (right claw)
 Y - an uncursed amulet of clarity
Magical devices
 r - a wand of flame (16)
 I - a wand of teleportation (0)
Scrolls
 k - a scroll of brand weapon
 y - 4 scrolls of silence
 B - 11 scrolls of identify
 E - a scroll of immolation
 H - 6 scrolls of magic mapping
 J - 3 scrolls of enchant weapon
 O - a scroll of recharging
 W - 11 scrolls of remove curse
Potions
 l - 3 potions of ambrosia
 o - 3 potions of agility
 u - 3 potions of brilliance
 z - a potion of flight
 A - 6 potions of cancellation
 N - 2 potions of curing
 V - a potion of might
Books
 g - a book of Burglary

   Spells                             Type                      Level
   a - Swiftness                      Charms/Air                   2
   b - Passwall                       Transmutation/Earth          3
   c - Passage of Golubria            Translocation                4
   d - Lee's Rapid Deconstruction     Earth                        5
   e - Darkness                       Hexes                        6
   f - Invisibility                   Hexes                        6
   Trog disapproves of the use of such an item.
 m - a book of Minor Magic

   Spells                             Type                      Level
   a - Magic Dart                     Conjuration                  1
   b - Blink                          Translocation                2
   c - Call Imp                       Summoning                    2
   d - Repel Missiles                 Charms/Air                   2
   e - Slow                           Hexes                        2
   f - Conjure Flame                  Conjuration/Fire             3
   g - Mephitic Cloud                 Conjuration/Poison/Air       3
   Trog disapproves of the use of such an item.
 p - a book of Minor Magic

   Spells                             Type                      Level
   a - Magic Dart                     Conjuration                  1
   b - Blink                          Translocation                2
   c - Call Imp                       Summoning                    2
   d - Repel Missiles                 Charms/Air                   2
   e - Slow                           Hexes                        2
   f - Conjure Flame                  Conjuration/Fire             3
   g - Mephitic Cloud                 Conjuration/Poison/Air       3
   Trog disapproves of the use of such an item.
 t - a book of Minor Magic

   Spells                             Type                      Level
   a - Magic Dart                     Conjuration                  1
   b - Blink                          Translocation                2
   c - Call Imp                       Summoning                    2
   d - Repel Missiles                 Charms/Air                   2
   e - Slow                           Hexes                        2
   f - Conjure Flame                  Conjuration/Fire             3
   g - Mephitic Cloud                 Conjuration/Poison/Air       3
   Trog disapproves of the use of such an item.
 x - a book of Cantrips

   Spells                             Type                      Level
   a - Corona                         Hexes                        1
   b - Animate Skeleton               Necromancy                   1
   c - Summon Small Mammal            Summoning                    1
   d - Apportation                    Translocation                1
   Trog disapproves of the use of such an item.
 P - a book of Conjurations

   Spells                             Type                      Level
   a - Magic Dart                     Conjuration                  1
   b - Searing Ray                    Conjuration                  2
   c - Dazzling Spray                 Conjuration/Hexes            3
   d - Fulminant Prism                Conjuration/Hexes            4
   e - Iskenderun's Mystic Blast      Conjuration                  4
   f - Iskenderun's Battlesphere      Conjuration/Charms           5
   Trog disapproves of the use of such an item.
Miscellaneous
 i - a sack of spiders
 G - a box of beasts {used: 1}
 L - a fan of gales
 U - a phial of floods
Comestibles
 d - 17 beef jerkies
 f - 5 meat rations
 n - 3 bread rations
 v - 24 fruits
 K - 9 slices of pizza
 T - 17 royal jellies


   Skills:
 + Level 22.2 Fighting
 + Level 22.5 Maces & Flails
 - Level 5.6 Throwing
 * Level 12.1 Armour
 - Level 17.0 Dodging


You had 19 spell levels left.
You didn't know any spells.

Dungeon Overview and Level Annotations

Branches:
Dungeon (15/15)            Temple (0/1) D:6            Lair (8/8) D:9
  Swamp (4/4) Lair:4       Spider (0/4) Lair:3        Slime (0/6) Lair:7
    Orc (4/4) D:10            Elf (0/3) Orc:4        Vaults (0/5) D:14
 Depths (4/5) D:15

Altars:
Ashenzari
Cheibriados
Dithmenos
Elyvilon
Fedhas
Gozag
Kikubaaqudgha
Nemelex Xobeh
Okawaru
Qazlal
Sif Muna
Xom
The Shining One
Beogh
Jiyva

Shops:
D:4 [   D:8 [   D:9 *   D:13 =   Orc:1 !   Orc:4 *!*[%   Depths:4 !

Portals:
Hell: Depths:1 Depths:2 Depths:3
Abyss: Depths:1 Depths:2 Depths:4
Pandemonium: Depths:1 Depths:3
Ziggurat: Depths:4
Trove: D:14 (give 22 scrolls of identify)

Annotations:
Lair:1 exclusion: oklob plant
Lair:3 exclusion: oklob plant


Innate Abilities, Weirdness & Mutations

You are too large for most types of armour.
You have tough skin (AC +1).
You have sharp fingernails.
You are clumsy. (Dex -2)
Your muscles are strong. (Str +2)


Message History

The air elemental closely misses you.
A spriggan berserker opens the door.
The spriggan air mage waves its arms in wide circles.
The air twists around and strikes you!
* * * LOW HITPOINT WARNING * * *
Found a potion of mutation.
A spriggan berserker comes into view. It is wielding an enchanted war axe.
Your surroundings suddenly seem different.
A yaktaur captain comes into view.
There is an open door here.
The yaktaur captain shouts!
The yaktaur captain wields an arbalest.
The yaktaur captain shoots a bolt of flame.
The bolt of flame hits you.
* * * LOW HITPOINT WARNING * * *
There is an open door, spattered with blood here.
You see here a bolt of flame.
There is a stone staircase leading down here.
The yaktaur captain shoots a bolt of flame.
The bolt of flame hits you!!
You die...

.'...'..+..'...##'###..##..##.##+
.#...##.##.##..##..'..∩##..##....
.#....#'##.##..##..##...+..##'##+
.#....'.....'..##..##..##+##.....
.'....#+##.##..c...##..#.........
.#.......#+##..#....#..#.........
.#..(....#.....#.)..'..+.........
.#.......'.....#....#..#....#+##'
.#.......#'##..#@..##..#....#.+..
.###+#......#..##..##..#....+.##.
.'...+......#..##'###..'....#'##'
.###+#......#####..##'##....#.##.
.#.....###### #...##..#....#.#..
.'.....# #.......+....'.'..
##.....# #########....#####
####### ######


You could see a yaktaur captain.

Vanquished Creatures
  Mara (Swamp:4)
  Saint Roka (Depths:4)
  2 caustic shrikes
  Nikola (Depths:1)
  A golden dragon (Depths:4)
  2 tentacled monstrosities
  3 liches
  A titan (Depths:4)
  Agnes (D:15)
  2 thorn hunters
  5 tengu reavers
  7 frost giants
  9 fire giants
  Louise (D:14)
  An iron dragon (Depths:4)
  A reaper (Depths:1)
  A very ugly thing (Depths:3)
  2 caustic shrike skeletons (Depths:4)
  6 stone giants
  A salamander firebrand (Depths:3)
  2 fire dragons
  9 ettins
  Josephine (D:15)
  2 vault guards (D:14)
  2 deep elf high priests (Depths:4)
  4 great orbs of eyes
  3 rakshasas
  4 yaktaur captains
  8 ogre magi
  15 hydras
  5 ice dragons
  Harold (Lair:1)
  8 entropy weavers
  The ghost of Monkaria the Spry, a powerful FeBe of Trog (Lair:6)
  A catoblepas (Lair:6)
  2 ghost crabs
  2 death yaks (Lair:8)
  A spriggan air mage (Depths:2)
  3 centaur warriors
  5 alligators
  2 orc high priests
  A deep troll earth mage (Depths:4)
  2 deep troll shamans (Depths:2)
  4 spriggan berserkers
  5 tengu warriors
  A vampire mage (Depths:4)
  Nergalle (D:12)
  5 skeletal warriors (D:14)
  6 hell knights (Depths:4)
  5 wizards
  2 unseen horrors
  6 deep trolls
  3 shambling mangroves
  A tengu zombie (Depths:2)
  13 swamp dragons
  A golden dragon skeleton (Depths:4)
  Pikel (D:8)
  An orc knight (D:15)
  6 necromancers
  2 wolf spiders (Lair:3)
  5 hill giants
  A wolf spider zombie (D:14)
  35 ugly things
  A stone giant zombie (Depths:2)
  An orc sorcerer (Orc:4)
  A griffon (D:15)
  5 manticores
  2 hornets
  A salamander (Depths:3)
  4 cyclopes
  A sixfirhy (Depths:1)
  26 slime creatures
  4 black mambas
  Maurice (D:8)
  A fire giant skeleton (Depths:4)
  14 spiny frogs
  A smoke demon (Depths:3)
  Psyche (D:9)
  An orange demon (Depths:1)
  3 kobold demonologists
  9 yaktaurs
  A queen bee (Lair:2)
  8 komodo dragons
  3 jumping spiders
  2 hellwings
  3 spriggan druids
  An efreet (D:13)
  A komodo dragon (shapeshifter) (Depths:4)
  8 giant leeches
  A tengu conjurer (Depths:2)
  A polar bear (shapeshifter) (Depths:2)
  5 trolls
  16 blink frogs
  4 fire drakes
  7 polar bears
  A spriggan zombie (Depths:2)
  27 two-headed ogres
  10 bog bodies
  3 air elementals
  A trapdoor spider zombie (D:13)
  5 wraiths
  A wyvern (D:10)
  20 humans
  2 tarantellas (Depths:4)
  16 redbacks
  A ynoxinul (Depths:1)
  2 shadows
  42 yaks
  19 spriggans
  A hog (D:7)
  3 mottled dragons
  A basilisk (Lair:3)
  3 deep elf magi
  8 hippogriffs
  Grum (D:8)
  2 hungry ghosts
  A steam dragon (D:9)
  21 wolves
  16 insubstantial wisps
  20 vampire mosquitoes
  24 swamp worms
  A warg (Orc:3)
  6 porcupines
  12 water moccasins
  A slave (D:8)
  22 orc warriors
  10 swamp drakes
  An ice beast (shapeshifter) (D:15)
  41 ogres
  2 spiders (Lair:3)
  3 black bears
  An eye of draining (D:15)
  4 necrophages (D:8)
  A boggart (Depths:4)
  3 ice beasts
  6 sky beasts
  23 wasps
  4 centaurs
  An eye of draining (shapeshifter) (D:13)
  16 crocodiles
  Blork the orc (D:4)
  7 big kobolds
  13 giant frogs
  7 scorpions
  A water moccasin skeleton (D:11)
  18 wights
  23 killer bees (Lair:2)
  2 electric eels
  A vampire bat (D:5)
  11 crimson imps
  4 centaur zombies
  2 giant frog zombies
  12 hounds
  3 jellies
  22 orc priests
  A giant frog skeleton (D:5)
  6 iguanas
  2 iron imps
  A centaur skeleton (D:6)
  13 worker ants
  10 hell rats
  29 orc wizards
  32 sheep
  2 hound zombies
  4 worker ant zombies
  14 adders
  31 river rats
  6 gnolls
  2 shadow imps
  A white imp (D:11)
  An ooze (D:1)
  2 adder zombies
  3 worms
  12 giant geckos
  164 orcs
  2 bat skeletons (D:5)
  4 bat zombies (D:5)
  6 giant cockroaches
  11 hobgoblins
  16 kobolds
  7 quokkas
  2 ball pythons (D:5)
  7 bats
  A giant gecko skeleton (D:6)
  A giant gecko zombie (D:8)
  4 giant newts
  12 goblins
  25 jackals
  A jackal zombie (D:6)
  A quokka skeleton (D:5)
  4 rats
  A bush (D:8)
  A fungus (Lair:1)
1353 creatures vanquished.

Vanquished Creatures (collateral kills)
  A thorn hunter (Swamp:4)
  Kirke (D:14)
  A hydra (Swamp:4)
  2 death yaks (Lair:8)
  A swamp dragon (Swamp:4)
  4 hogs (D:14)
  A human (D:14)
  3 spriggans (Swamp:4)
  7 vampire mosquitoes
  3 wasps (Swamp:4)
  A swamp drake (Swamp:4)
25 creatures vanquished.

Vanquished Creatures (others)
  An alligator (Swamp:1)
  A blink frog (shapeshifter) (Depths:3)
  A swamp drake (Swamp:3)
  A slave (D:8)
  An orc (D:11)
  2 briar patches (Swamp:4)
  42 fungi
  16 plants
65 creatures vanquished.

Grand Total: 1443 creatures vanquished

Notes
Turn   | Place    | Note
--------------------------------------------------------------
     0 | D:1      | Grim the Ogre Berserker began the quest for the Orb.
     0 | D:1      | Reached XP level 1. HP: 24/24 MP: 1/1
   130 | D:1      | Reached XP level 2. HP: 21/33 MP: 2/2
   573 | D:1      | Reached XP level 3. HP: 28/41 MP: 3/3
   701 | D:1      | Acquired Trog's second power
   952 | D:2      | Found a sparkling altar of Nemelex Xobeh.
   963 | D:2      | Reached skill level 5 in Fighting
  1037 | D:2      | Reached skill level 5 in Maces & Flails
  1330 | D:2      | Reached XP level 4. HP: 45/50 MP: 4/4
  1700 | D:2      | Found a shattered altar of Ashenzari.
  1827 | D:2      | Found a deep blue altar of Sif Muna.
  1861 | D:2      | Reached skill level 6 in Fighting
  1968 | D:2      | Reached XP level 5. HP: 55/59 MP: 5/5
  2016 | D:2      | Found a glowing golden altar of the Shining One.
  2346 | D:3      | Gained mutation: You have sharp fingernails. [potion of mutation]
  2346 | D:3      | Gained mutation: Your muscles are strong. (Str +2) [potion of mutation]
  2346 | D:3      | Gained mutation: You are clumsy. (Dex -2) [potion of mutation]
  2353 | D:3      | Found a snail-covered altar of Cheibriados.
  2812 | D:3      | Reached XP level 6. HP: 64/68 MP: 6/6
  2896 | D:4      | Noticed Blork the orc
  2901 | D:4      | Killed Blork the orc
  2901 | D:4      | Reached skill level 7 in Fighting
  3158 | D:4      | Found Waosenadgh's Antique Armour Shop.
  3162 | D:4      | Bought an embroidered robe for 16 gold pieces
  3499 | D:4      | Acquired Trog's third power
  3515 | D:4      | Reached skill level 8 in Fighting
  3515 | D:4      | Reached XP level 7. HP: 41/80 MP: 7/7
  3705 | D:5      | Entered Level 5 of the Dungeon
  4039 | D:5      | Found a shimmering altar of Xom.
  4044 | D:5      | Reached skill level 9 in Fighting
  4065 | D:5      | Reached XP level 8. HP: 89/92 MP: 8/8
  4439 | D:5      | Found an ancient bone altar of Kikubaaqudgha.
  4517 | D:5      | Reached skill level 10 in Fighting
  4992 | D:6      | Found a staircase to the Ecumenical Temple.
  5004 | D:6      | Reached skill level 10 in Maces & Flails
  5384 | D:6      | Reached XP level 9. HP: 94/102 MP: 9/9
  5589 | D:6      | Got a spiked cloak
  5595 | D:6      | Identified the +2 cloak of Grace {Dex+3} (You found it on level 6 of the Dungeon)
  5821 | D:6      | Reached skill level 5 in Dodging
  6357 | D:7      | Reached skill level 11 in Fighting
  6383 | D:7      | Received a gift from Trog
  6416 | D:7      | Found a shadowy altar of Dithmenos.
  7102 | D:7      | Found an opulent altar of Gozag.
  7486 | D:8      | Found a white marble altar of Elyvilon.
  7524 | D:8      | Reached XP level 10. HP: 114/114 MP: 10/10
  7903 | D:8      | Noticed Maurice
  7919 | D:8      | Killed Maurice
  8159 | D:8      | Noticed Pikel
  8161 | D:8      | Noticed Grum
  8189 | D:8      | Killed Pikel
  8189 | D:8      | Reached skill level 12 in Fighting
  8250 | D:8      | Killed Grum
  8638 | D:8      | Found Rebuur's Armour Shop.
  8739 | D:8      | Found a blossoming altar of Fedhas.
  9084 | D:9      | Found an iron altar of Okawaru.
  9098 | D:9      | Received a gift from Trog
  9352 | D:9      | Noticed a hill giant
  9404 | D:9      | Killed a hill giant
  9404 | D:9      | Reached XP level 11. HP: 105/124 MP: 8/11
  9490 | D:9      | Noticed Psyche
  9497 | D:9      | Killed Psyche
  9536 | D:9      | Found a stormy altar of Qazlal.
  9588 | D:9      | Found Paogots's General Store.
  9976 | D:9      | Reached skill level 13 in Fighting
  9983 | D:9      | Found a staircase to the Lair.
 10382 | D:10     | Entered Level 10 of the Dungeon
 10459 | D:10     | Found a staircase to the Orcish Mines.
 10664 | D:10     | Reached skill level 10 in Dodging
 10914 | Lair:1   | Entered Level 1 of the Lair of Beasts
 11402 | Lair:1   | Reached skill level 1 in Throwing
 11419 | Lair:1   | Noticed Harold
 11428 | Lair:1   | Killed Harold
 11735 | Lair:2   | Received a gift from Trog
 11876 | Lair:2   | Reached skill level 14 in Maces & Flails
 12106 | Lair:2   | Reached XP level 12. HP: 129/139 MP: 12/12
 12355 | Lair:2   | Reached skill level 1 in Armour
 12454 | Lair:2   | Received a gift from Trog
 13606 | Lair:3   | Found a hole to the Spider Nest.
 13747 | Lair:4   | Found a staircase to the Swamp.
 14527 | Lair:5   | Noticed a six-headed hydra
 14541 | Lair:5   | Killed a six-headed hydra
 14541 | Lair:5   | Reached skill level 5 in Armour
 15017 | Lair:6   | Noticed a seven-headed hydra
 15028 | Lair:6   | Killed a seven-headed hydra
 15028 | Lair:6   | Reached skill level 15 in Maces & Flails
 15093 | Lair:6   | Noticed Monkaria's ghost (powerful FeBe)
 15127 | Lair:6   | Killed Monkaria's ghost
 15127 | Lair:6   | Reached skill level 15 in Fighting
 15335 | Lair:6   | Noticed a catoblepas
 15548 | Lair:6   | Killed a catoblepas
 15548 | Lair:6   | Reached XP level 13. HP: 149/149 MP: 13/13
 16942 | Lair:7   | Found a viscous altar of Jiyva.
 16943 | Lair:7   | Found a staircase to the Slime Pits.
 17298 | Lair:8   | Entered Level 8 of the Lair of Beasts
 17322 | Lair:8   | Received a gift from Trog
 17784 | Lair:8   | Reached skill level 16 in Maces & Flails
 18361 | Lair:8   | Reached XP level 14. HP: 162/162 MP: 14/14
 19357 | D:11     | Received a gift from Trog
 19361 | D:11     | Got a crystal giant spiked club {god gift}
 19362 | D:11     | Identified the +10 giant spiked club of Luxury {elec, SInv} (Trog gifted it to you on level 11 of the Dungeon)
 20127 | D:12     | Found a shadowy altar of Dithmenos.
 20250 | D:12     | Noticed Nergalle
 20276 | D:12     | Killed Nergalle
 20308 | D:12     | Found a glowing golden altar of the Shining One.
 20609 | D:12     | Reached skill level 10 in Armour
 20613 | D:12     | Received a gift from Trog
 20858 | D:13     | Reached skill level 17 in Maces & Flails
 21335 | D:13     | Found Rovaeff's Jewellery Boutique.
 22348 | D:14     | Noticed Louise
 22505 | D:14     | Noticed Kirke
 22513 | D:14     | Killed Kirke
 22778 | D:14     | Killed Louise
 22778 | D:14     | Received a gift from Trog
 22867 | D:14     | Reached XP level 15. HP: 145/174 MP: 15/15
 23194 | D:14     | Found a gate to the Vaults.
 23792 | D:14     | Reached skill level 18 in Maces & Flails
 23911 | D:14     | Found a portal to a secret trove of treasure.
 23962 | D:15     | Entered Level 15 of the Dungeon
 24442 | D:15     | Got a pitted brass ring
 24444 | D:15     | Identified the ring of Ciodew {+Fly rF+++ AC+3 Int+2 Stlth+} (You found it on level 15 of the Dungeon)
 24593 | D:15     | Received a gift from Trog
 24594 | D:15     | Noticed Josephine
 24606 | D:15     | Killed Josephine
 24652 | D:15     | Noticed Agnes
 24674 | D:15     | Killed Agnes
 26216 | D:15     | Found a staircase to the Depths.
 26240 | Depths:1 | Entered Level 1 of the Depths
 26637 | Orc:1    | Entered Level 1 of the Orcish Mines
 26651 | Orc:1    | Found a roughly hewn altar of Beogh.
 27145 | Orc:1    | Received a gift from Trog
 27224 | Orc:1    | Found Tuostib's Distillery.
 28095 | Orc:4    | Entered Level 4 of the Orcish Mines
 28102 | Orc:4    | Found Nima's Food Shoppe.
 28219 | Orc:4    | Reached XP level 16. HP: 185/185 MP: 16/16
 28237 | Orc:4    | Reached skill level 19 in Maces & Flails
 28245 | Orc:4    | Reached skill level 5 in Throwing
 28261 | Orc:4    | Received a gift from Trog
 28262 | Orc:4    | HP: 8/282 [ogre/giant spiked club (14)]
 28271 | Orc:4    | HP: 9/188 [something (5)]
 28740 | Orc:4    | Received a gift from Trog
 28832 | Orc:4    | Found a staircase to the Elven Halls.
 29163 | Orc:4    | Found Xurram's Armour Shop.
 29163 | Orc:4    | Found Oroetaett's Distillery.
 29164 | Orc:4    | Found Boqong's General Store.
 29164 | Orc:4    | Found Noegean's Assorted Antiques.
 29178 | Orc:4    | Bought a scroll of identify for 72 gold pieces
 29752 | Swamp:1  | Entered Level 1 of the Swamp
 30685 | Swamp:1  | Noticed a thorn hunter
 30694 | Swamp:1  | Killed a thorn hunter
 30870 | Swamp:1  | Paralysed by a wasp for 3 turns
 31729 | Swamp:1  | Received a gift from Trog
 34065 | Swamp:3  | Received a gift from Trog
 34110 | Swamp:3  | Reached XP level 17. HP: 198/198 MP: 17/17
 34501 | Swamp:4  | Entered Level 4 of the Swamp
 34776 | Swamp:4  | Reached skill level 20 in Maces & Flails
 35482 | Swamp:4  | Noticed Mara
 35499 | Swamp:4  | Noticed Grim's illusion
 35502 | Swamp:4  | Killed Mara
 36468 | Swamp:4  | Got a decaying rune of Zot
 37013 | Depths:1 | Noticed Nikola
 37024 | Depths:1 | Killed Nikola
 37029 | Depths:1 | Noticed a fire giant
 37047 | Depths:1 | Killed a fire giant
 37047 | Depths:1 | Received a gift from Trog
 37429 | Depths:1 | Found a one-way gate to the infinite horrors of the Abyss.
 37623 | Depths:1 | Noticed a tengu reaver
 37643 | Depths:1 | Killed a tengu reaver
 37965 | Depths:1 | Found a gateway to Hell.
 38359 | Depths:1 | Found a one-way gate leading to the halls of Pandemonium.
 39252 | Depths:2 | Noticed a lich
 39258 | Depths:2 | Killed a lich
 39318 | Depths:2 | Reached XP level 18. HP: 145/213 MP: 18/18
 40060 | Depths:2 | Reached skill level 15 in Dodging
 40330 | Depths:2 | Reached skill level 21 in Maces & Flails
 40580 | Depths:2 | Received a gift from Trog
 41112 | Depths:2 | Noticed a tentacled monstrosity
 41120 | Depths:2 | Killed a tentacled monstrosity
 41141 | Depths:2 | Noticed a caustic shrike
 41149 | Depths:2 | Killed a caustic shrike
 41965 | Depths:3 | Noticed a tentacled monstrosity
 42026 | Depths:3 | Killed a tentacled monstrosity
 42035 | Depths:3 | Received a gift from Trog
 42434 | Depths:3 | Received a gift from Trog
 42450 | Depths:3 | Reached XP level 19. HP: 213/223 MP: 19/19
 43141 | Depths:3 | Noticed a lich
 43144 | Depths:3 | Killed a lich
 43366 | Depths:3 | Received a gift from Trog
 43366 | Depths:3 | Reached skill level 22 in Maces & Flails
 44015 | Depths:4 | Found Icucos's Distillery.
 44292 | Depths:4 | Noticed Saint Roka
 44307 | Depths:4 | Killed Saint Roka
 44312 | Depths:4 | Received a gift from Trog
 44698 | Depths:4 | Found a gateway to a ziggurat.
 44840 | Depths:4 | Noticed a caustic shrike
 44841 | Depths:4 | Noticed a golden dragon
 44842 | Depths:4 | Noticed a golden dragon
 44905 | Depths:4 | Noticed a lich
 44936 | Depths:4 | Noticed a golden dragon
 45121 | Depths:4 | Killed a golden dragon
 45325 | Depths:4 | Killed a lich
 45325 | Depths:4 | Reached XP level 20. HP: 198/236 MP: 20/20
 45470 | Depths:4 | Killed a caustic shrike
 45524 | Depths:4 | Shot with a bolt of flame by a yaktaur captain

Vault maps used:
D:1:      minmay_arrival_shattered_statue
D:2:      nicolae_overflow_crystal_walls, lemuel_round_altar,
          lemuel_doored_altar, old_standard_altar
D:3:      cheibriados_altar_1, first_bread
D:4:      serial_shops, nicolae_shop_competitors_out_of_business,
          serial_bayou_pond_d, uniq_blork_the_orc
D:5:      led_xom_imps, kennysheep_vampire_church, bh_chokoban
D:6:      minmay_temple_entry_statues_fountains, grunt_potential
D:7:      old_standard_altar, nicolae_dithmenos_shadow_blocks, grunt_livestock,
          kennysheep_generic_room_13
D:8:      overflow_temple_1_default, fedhas_altar_decomposition, serial_shops,
          shop, special_room, uniq_grum, uniq_pikel, uniq_maurice
D:9:      nicolae_qazlal_eye_of_the_storm, overflow_temple_1_default,
          erik_lair_dragon, serial_shops, nicolae_shop_crystal, uniq_psyche
D:10:     orc_0_dummy
D:11:     hangedman_minor_magic
D:12:     basic_altar, tso_altar, uniq_nergalle
D:13:     lemuel_upstairs_altar, serial_shops, shop
D:14:     grunt_vaults_entry_tiered, trove_entry_hex_spiral,
          infiniplex_staircase_pillars_2, minivault_11, uniq_kirke, uniq_louise
D:15:     grunt_enter_depths_snipers, uniq_josephine, uniq_agnes
Lair:1:   minmay_lair_oklob_chamber, uniq_harold
Lair:2:   special_room, grunt_megastairs_5
Lair:3:   spider_nest_entry_funnel_web, minivault_25, minmay_lair_oklob_bushes,
          serial_bayou_shore_a
Lair:4:   swamp_mist, infiniplex_staircase_pool
Lair:5:   serial_bayou_crossing
Lair:6:   serial_bayou_pond_b
Lair:7:   slime_altar_1
Lair:8:   minmay_lair_end_enchanted_forest, grunt_megastairs_3,
          lemuel_fruit_tree
Swamp:1:  evilmike_swamp_ruin_house_4
Swamp:2:  nicolae_swamp_triple_paths, swamp_pool1
Swamp:3:  hangedman_swamp_blocks
Swamp:4:  swamp_alternative, nicolae_swamp_round_clearing, uniq_mara
Orc:1:    basic_altar, serial_shops, shop
Orc:3:    nicolae_orc_pool_cavern
Orc:4:    st_orc_ogre_mass, serial_shops, shop_fountains
Depths:1: rand_demon_pan_entry_7, hangedman_tar_grid_catacomb,
          hangedman_decor_clover_reticule, abyss_entry, grunt_tough_drop,
          serial_bayou_shore_b, uniq_nikola
Depths:2: minmay_blocking_statues, grunt_hell_entry_dis_grunt,
          minmay_tree_intersection, abyss_entry, infiniplex_staircase_pool_2
Depths:3: hangedman_cross_stitches, hellmouth_1, glass_columns_b, pan_entry,
          infiniplex_staircase_river
Depths:4: angbandy_vault, enter_ziggurat_e, abyss_entry, hell_entry,
          serial_shops, shop, eino_curves_04, uniq_saint_roka

Action                   |  1- 3 |  4- 6 |  7- 9 | 10-12 | 13-15 | 16-18 | 19-21 || total
-------------------------+-------+-------+-------+-------+-------+-------+-------++-------
Melee: Mace              |   110 |   207 |   556 |   266 |       |       |       ||  1139
       Giant club        |       |       |       |     7 |   798 |   992 |   277 ||  2074
       Dire flail        |       |       |       |   580 |   487 |       |       ||  1067
       Great mace        |       |       |       |       |    29 |       |       ||    29
Throw: Throwing net      |       |       |       |     3 |       |     2 |       ||     5
       Large rock        |       |       |       |       |    17 |    77 |    74 ||   168
       Tomahawk          |       |       |       |       |       |    10 |       ||    10
Invok: Berserk           |     1 |     4 |     8 |    13 |     5 |     2 |       ||    33
       Trog's Hand       |       |       |     3 |     1 |     3 |     1 |       ||     8
       Burn Spellbooks   |       |       |       |     1 |     3 |     1 |       ||     5
       Brothers in Arms  |       |       |       |       |     2 |     6 |       ||     8
Evoke: Wand              |       |       |       |       |     4 |     1 |     2 ||     7
       Box of beasts     |       |       |       |       |       |     1 |       ||     1
  Use: Potion            |     2 |     1 |       |     6 |     3 |     7 |     4 ||    23
       Scroll            |       |     6 |     2 |    19 |    15 |    13 |     5 ||    60
 Stab: Sleeping          |       |     2 |       |     4 |     6 |       |     1 ||    13
       Distracted        |       |       |       |     1 |     4 |     3 |     1 ||     9
  Eat: Bread ration      |     1 |       |     1 |     3 |     6 |     5 |     1 ||    17
       Chunk             |       |    11 |    16 |    26 |    23 |     6 |     1 ||    83
       Meat ration       |       |       |     1 |     1 |       |     5 |     3 ||    10
       Pizza             |       |       |       |     1 |       |     1 |       ||     2
       Royal jelly       |       |       |       |     1 |       |       |       ||     1
